 Dungeon Crawl Stone Soup version 0.31.0-11-ge490571c62 (webtiles) character file.

Game seed: 12204230647535061988

85470 hawla the Tortoise (level 15, -8/109 (110) HPs)
             Began as a Minotaur Fighter on Feb 11, 2024.
             Was the Champion of Makhleb.
             Killed by divine providence
             ... invoked by Saint Roka
              (9 damage)
             ... on level 2 of the Orcish Mines.
             The game lasted 00:48:06 (17033 turns).

hawla the Tortoise (Minotaur Fighter)              Turns: 17033, Time: 00:48:07

HP:   -8/109 (110)  AC: 34    Str: 27    XL:     15   Next: 38%
MP:   0/22          EV: 10    Int:  8    God:    Makhleb [******]
Gold: 1135          SH:  0    Dex: 11    Spells: 14/14 levels left

rFire   . . .        o - +5 spear of the Moon {venom, rElec rN+ Int+3}
rCold   + . .        m - +3 buckler
rNeg    + . .        q - +1 plate armour
rPois   +            b - +2 hat
rElec   +            G - +2 cloak {rPois}
rCorr   .            r - +0 pair of gloves
SInv    +            H - +2 pair of boots of the Hall of Blades {Rampage}
Will    +....        g - amulet of guardian spirit Stlth
                     e - +4 ring of protection
HPRegen 1.18/turn    w - ring of see invisible
MPRegen 0.18/turn

%: clarity, guardian spirit, rampage
@: confused, ambrosia-drunk, marked, studying Invocations, lightly drained
A: horns 2, retaliatory headbutt, clarity, cold resistance 1, regeneration 1,
subdued magic 1, persistent drain
a: Renounce Religion, Minor Destruction, Lesser Servant of Makhleb, Major
Destruction, Greater Servant of Makhleb


You were on level 2 of the Orcish Mines.
You worshipped Makhleb.
Makhleb was exalted by your worship.
You visited 3 branches of the dungeon, and saw 18 of its levels.
You also visited: Bailey.

You collected 1692 gold pieces.
You spent 557 gold pieces at shops.

Inventory:

Hand Weapons
 j - a +3 war axe of electrocution
 k - a +2 broad axe of freezing
 o - the +5 spear of the Moon (weapon) {venom, rElec rN+ Int+3}
   (You found it on level 2 of the Dungeon)

   Int+3:     It affects your intelligence (+3).
   rElec:     It insulates you from electricity.
   rN+:       It protects you from negative energy.
 K - a +1 scimitar of flaming
Missiles
 i - 32 poisoned darts (quivered)
 N - a curare-tipped dart
Armour
 b - a +2 hat (worn)
 m - a +3 buckler (worn)
 q - a +1 plate armour (worn)
 r - a +0 pair of gloves (worn)
 G - a +2 cloak of poison resistance (worn)
 H - the +2 pair of boots of the Hall of Blades (worn) {Rampage}
   (You found it on level 8 of the Dungeon)

   Rampage:   It bestows one free step when moving towards enemies.
Jewellery
 e - a +4 ring of protection (left hand)
 g - an amulet of guardian spirit (around neck)
 n - a ring of positive energy
 w - a ring of see invisible (right hand)
 y - an amulet of the acrobat
 J - a ring of poison resistance
 O - a +5 ring of evasion
 P - a +5 ring of evasion
Wands
 z - a wand of flame (5)
 F - a wand of charming (31)
 M - a wand of light (3)
Scrolls
 l - 2 scrolls of vulnerability
 s - 3 scrolls of poison
 u - a scroll of enchant weapon
 v - 3 scrolls of teleportation
 x - a scroll of silence
 C - 4 scrolls of revelation
 E - 6 scrolls of fog
 I - 5 scrolls of identify
Potions
 c - a potion of berserk rage
 d - 6 potions of might
 f - 2 potions of magic
 h - 6 potions of cancellation
 p - 4 potions of brilliance
 t - 4 potions of haste
 A - 2 potions of enlightenment


   Skills:
 - Level 4.0 Fighting
 - Level 14.3(16.0) Axes
 - Level 11.8(14.7) Polearms
 - Level 6.0 Throwing
 - Level 18.0 Armour
 - Level 7.6 Dodging
 - Level 5.0 Shields
 - Level 10.8 Invocations
 + Level 6.4 Evocations


You had 14 spell levels left.
You didn't know any spells.
Your spell library was empty.

Dungeon Overview and Level Annotations

Branches:
Dungeon (15/15)            Temple (1/1) D:5            Lair (0/5) D:8
    Orc (1/2) D:12         Vaults (0/5) D:14         Depths (0/4) D:15
 Bailey (visited)

Altars:
Ashenzari
Cheibriados
Dithmenos
Elyvilon
Fedhas
Gozag
Hepliaklqana
Kikubaaqudgha
Makhleb
Nemelex Xobeh
Okawaru
Qazlal
Ru
Sif Muna
Trog
Uskayaw
Vehumet
Wu Jian
Xom
Yredelemnul
Zin
The Shining One

Shops:
D:1 :   D:2 (   D:6 ([?!   Orc:1 ?

Annotations:
D:7 3 runed translucent doors, middlethird's ghost, novice VSCj
Orc:2 Saint Roka


Innate Abilities, Weirdness & Mutations

You have a pair of horns on your head.
You reflexively headbutt those who attack you in melee.
You possess an exceptional clarity of mind.
Your flesh is cold resistant. (rC+)
Your natural rate of healing is unusually fast.
Your spells are a little easier to cast, but a little less powerful.
Your health recovers twice as slowly from being drained.


Message History

The two-headed ogre hits you but does no damage.
The orc wizard gestures wildly while chanting.
The orc wizard flickers and vanishes for a moment.
Saint Roka invokes the aid of Beogh against you.
Beogh smites you!
* * * LOW HITPOINT WARNING * * *
You block the orc warrior's attack.
You are confused.
You feel invigorated.
The orc priest mumbles some strange prayers to Beogh against you.
Beogh smites you!
* * * LOW HITPOINT WARNING * * *
The orc warrior misses you.
The orc knight is engulfed in poison gas.
The orc knight is poisoned.
The orc warrior hits you from afar with a +0 trident.
* * * LOW HITPOINT WARNING * * *
Your surroundings suddenly seem different.
The orc knight is engulfed in poison gas.
The orc knight looks even sicker.
The ogre mage is engulfed in poison gas.
The ogre mage is poisoned.
Saint Roka is engulfed in poison gas.
Saint Roka is poisoned.
Saint Roka roars a battlecry!
The orc warrior shoots an arrow.
The arrow hits you!
* * * LOW HITPOINT WARNING * * *
Found 8 gold pieces.
The orc warrior no longer looks unusually strong.
The orc high priest calls down the wrath of Beogh upon you.
Beogh smites you!
* * * LOW HITPOINT WARNING * * *
The orc knight is engulfed in poison gas.
The orc knight looks even sicker.
The ogre mage is engulfed in poison gas.
The ogre mage looks even sicker.
Saint Roka is engulfed in poison gas.
Saint Roka looks even sicker.
Saint Roka calls down the wrath of Beogh upon you.
Beogh smites you!
You die...
Saint Roka roars, "Praise to Beogh!"

#..........$..#
#####....)...#.....
##.##....)#..#.$....
#..........)........ ##
##.......)#).......$ #.#
#...........).......
...##..o..$.............
. ..#.o.................
$..#o#o...o.....@.......
.........o.o............
.....#.O.§.§§§o§§§§§§§§.
......#.o§.O§§§§§§§§§§§.
.#....#..§..§§O§h§§§§§§.
#....#..O§o§§§§§§§§§§§§.
.....##..§§o§§§§§§§§§§§.
..... #.....OooO........
..#. .#................


You could see Saint Roka (strong, very poisoned), an orc knight (strong, very
poisoned), an orc high priest (strong), 2 two-headed ogres, an ogre mage (very
poisoned), a warg, 4 orc warriors, an ogre and an orc wizard (strong,
invisible).

Vanquished Creatures
  Jorgrun (D:15)
  An orc warlord (D:12)
  A stone giant (D:15)
  Azrael (D:12)
  Snorg (D:12)
  An ettin (Orc:2)
  2 vault guards (Bailey)
  4 centaur warriors
  A hydra (D:13)
  A catoblepas (D:13)
  3 two-headed ogres
  2 boulder beetles
  A tengu warrior (D:13)
  Urug (D:12)
  2 skeletal warriors
  Lodul (D:10)
  An arcanist (D:12)
  Pikel (D:8)
  6 deep elf pyromancers
  An orc knight (D:14)
  4 manticores
  13 ugly things
  2 orc sorcerers (D:12)
  4 cyclopes
  3 meliai (D:13)
  4 centaur zombies (D:11)
  Joseph (D:7)
  A guardian serpent (shapeshifter) (D:14)
  3 centaur skeletons (D:14)
  2 gargoyles
  An unseen horror (D:12)
  Jeremiah (D:8)
  2 efreet
  2 kobold demonologists
  A komodo dragon (D:12)
  2 yaktaurs (D:14)
  6 trolls
  2 hornets (D:11)
  Prince Ribbit (Bailey)
  A harpy skeleton (D:14)
  6 meliai zombies (D:11)
  A centaur simulacrum (D:14)
  12 slime creatures
  2 shadows (D:11)
  10 vampires
  4 wraiths (D:11)
  3 humans (Bailey)
  20 yaks
  5 wyverns
  11 vampire mosquitoes
  2 fire elementals
  A basilisk (D:12)
  2 water moccasins
  2 hell hounds (D:12)
  An ice beast (D:7)
  4 sky beasts
  18 orc warriors
  2 black bears
  6 laughing skulls
  2 wolves (D:8)
  9 ogres
  14 centaurs
  4 phantoms
  18 bullfrogs
  4 kobold brigands
  Blork the orc (D:5)
  4 gnoll sergeants
  24 wights
  14 killer bees
  3 howler monkeys
  An electric eel (D:8)
  3 bombardier beetles
  2 jellies
  A crimson imp (D:12)
  A gnoll bouda (D:9)
  9 hounds
  14 orc priests
  3 iguanas
  Terence (D:3)
  A sleepcap (D:6)
  18 orc wizards
  Robin (D:3)
  14 adders
  20 gnolls
  A white imp (D:7)
  2 ribbon worms
  3 dart slugs
  53 orcs
  7 endoplasms
  2 giant cockroaches
  20 goblins
  14 hobgoblins
  10 jackals
  4 quokkas
  4 ball pythons
  3 bats
  4 frilled lizards
  13 kobolds
  9 rats
536 creatures vanquished.

Vanquished Creatures (others)
  A slime creature (D:12)
1 creature vanquished.

Grand Total: 537 creatures vanquished

Notes
Turn   | Place    | Note
-------+----------+-------------------------------------------
     0 | D:1      | hawla the Minotaur Fighter began the quest for the Orb.
     0 | D:1      | Reached XP level 1. HP: 19/19 MP: 0/0
   207 | D:1      | Reached XP level 2. HP: 27/27 MP: 1/1
   378 | D:1      | Found Cizouf's Book Emporium.
   727 | D:1      | Reached XP level 3. HP: 28/33 MP: 0/2
  1026 | D:2      | Reached skill level 5 in Shields
  1214 | D:2      | Reached skill level 1 in Dodging
  1377 | D:2      | Identified the +5 spear of the Moon {venom, rElec rN+
                  | Int+3}
  1524 | D:2      | Found Cyrob's Weapon Emporium.
  1979 | D:3      | Reached XP level 4. HP: 40/40 MP: 3/3
  2063 | D:3      | Noticed Robin
  2085 | D:3      | Killed Robin
  2105 | D:3      | Noticed Terence
  2114 | D:3      | Killed Terence
  2184 | D:3      | Reached XP level 5. HP: 46/46 MP: 4/4
  2628 | D:3      | Found a faded altar of an unknown god.
  2782 | D:4      | Noticed an ogre
  2787 | D:4      | Killed an ogre
  2788 | D:4      | Reached skill level 5 in Dodging
  2788 | D:4      | Reached XP level 6. HP: 52/52 MP: 5/5
  2900 | D:4      | Reached skill level 1 in Polearms
  3698 | D:5      | Entered Level 5 of the Dungeon
  3698 | D:5      | Found a staircase to the Ecumenical Temple.
  3705 | Temple   | Entered the Ecumenical Temple
  3728 | Temple   | Became a worshipper of Makhleb the Destroyer
  3788 | D:5      | Reached XP level 7. HP: 43/59 MP: 3/6
  3990 | D:5      | Reached skill level 5 in Polearms
  4140 | D:5      | Noticed Blork the orc
  4148 | D:5      | Killed Blork the orc
  4426 | D:6      | Reached XP level 8. HP: 57/66 MP: 7/7
  4636 | D:6      | Found Tasupp's Distillery.
  4683 | D:6      | Reached skill level 10 in Polearms
  4738 | D:6      | Reached * piety under Makhleb
  4749 | D:6      | Found Uryhog's Armour Boutique.
  4750 | D:6      | Found Acvixiqe's Magic Scroll Boutique.
  4751 | D:6      | Found Vousaf's Weapon Boutique.
  5096 | D:7      | Reached XP level 9. HP: 53/70 MP: 6/8
  5206 | D:7      | Reached skill level 1 in Evocations
  5274 | D:7      | Found a runed translucent gate.
  5274 | D:7      | Found a runed translucent gate.
  5279 | D:7      | Found a runed translucent gate.
  5280 | D:7      | Noticed middlethird's ghost (novice VSCj)
  5281 | D:7      | Noticed a spectral unseen horror
  5367 | D:7      | Reached skill level 1 in Invocations
  5612 | D:6      | Bought a +2 cloak of poison resistance for 185 gold pieces
  5743 | D:6      | Bought a scroll of teleportation for 36 gold pieces
  5743 | D:6      | Bought a scroll of poison for 48 gold pieces
  5743 | D:6      | Bought a scroll of identify for 24 gold pieces
  5751 | D:7      | Gained mutation: Your natural rate of healing is unusually
                  | fast. [potion of mutation]
  5751 | D:7      | Gained mutation: Your health recovers twice as slowly from
                  | being drained. [potion of mutation]
  5751 | D:7      | Gained mutation: Your spells are a little easier to cast,
                  | but a little less powerful. [potion of mutation]
  5751 | D:7      | Gained mutation: You have hidden genetic potential. [potion
                  | of mutation]
  5953 | D:7      | Reached skill level 5 in Invocations
  6095 | D:8      | Noticed Joseph
  6095 | D:8      | Noticed Jeremiah
  6116 | D:7      | Killed Joseph
  6179 | D:8      | Killed Jeremiah
  6224 | D:8      | Noticed a troll
  6245 | D:8      | Reached XP level 10. HP: 78/78 MP: 12/14
  6260 | D:8      | Reached ** piety under Makhleb
  6326 | D:8      | Found a staircase to the Lair.
  6428 | D:8      | Identified the +2 pair of boots of the Hall of Blades
                  | {Rampage}
  6468 | D:8      | Gained mutation: You possess an exceptional clarity of
                  | mind. [hidden potential]
  6511 | D:8      | Noticed Pikel
  6515 | D:8      | Killed Pikel
  6545 | D:8      | Noticed a two-headed ogre
  6555 | D:8      | Killed a two-headed ogre
  6556 | D:8      | Reached skill level 10 in Invocations
  6556 | D:8      | Reached skill level 1 in Throwing
  7109 | D:9      | Found a shimmering blue altar of Sif Muna.
  7284 | D:9      | Found a sacrificial altar of Ru.
  7284 | D:9      | Found a faded altar of an unknown god.
  7293 | D:9      | Found a sparkling altar of Nemelex Xobeh.
  7295 | D:9      | Found a white marble altar of Elyvilon.
  7297 | D:9      | Found an opulent altar of Gozag.
  7440 | D:9      | Reached skill level 5 in Throwing
  7594 | D:9      | Reached *** piety under Makhleb
  7607 | D:9      | Reached XP level 11. HP: 66/84 MP: 12/17
  8412 | D:10     | Entered Level 10 of the Dungeon
  8440 | D:10     | Gained mutation: Your flesh is cold resistant. (rC+)
                  | [hidden potential]
  8440 | D:10     | Lost mutation: You have hidden genetic potential. [hidden
                  | potential expressed]
  8441 | D:10     | Identified a scroll of acquirement
  8441 | D:10     | Acquired a manual of Invocations
  8551 | D:10     | Reached skill level 5 in Axes
  9008 | D:10     | Found a flagged portal.
  9145 | Bailey   | Entered a bailey
  9176 | Bailey   | Reached **** piety under Makhleb
  9284 | Bailey   | Noticed Prince Ribbit
  9284 | Bailey   | Noticed a vault guard
  9301 | Bailey   | Killed a vault guard
  9305 | Bailey   | Killed Prince Ribbit
  9377 | Bailey   | Noticed a vault guard
  9404 | Bailey   | Killed a vault guard
  9592 | D:10     | Noticed Lodul
  9606 | D:10     | Killed Lodul
  9607 | D:10     | Reached skill level 10 in Axes
  9797 | D:11     | Noticed a purple ugly thing
  9808 | D:11     | Killed a purple ugly thing
 10285 | D:11     | Reached XP level 12. HP: 83/91 MP: 14/18
 10609 | D:11     | Reached ***** piety under Makhleb
 10799 | D:11     | Reached skill level 4 in Armour
 11055 | D:11     | Reached skill level 5 in Armour
 11182 | D:11     | Reached skill level 6 in Armour
 11255 | D:11     | Noticed a boulder beetle
 11268 | D:11     | Killed a boulder beetle
 11286 | D:11     | Reached skill level 7 in Armour
 11960 | D:12     | Noticed a two-headed ogre
 11972 | D:12     | Killed a two-headed ogre
 11973 | D:12     | Reached skill level 8 in Armour
 11999 | D:12     | Reached skill level 9 in Armour
 12043 | D:12     | Noticed Urug
 12057 | D:12     | Killed Urug
 12083 | D:12     | Noticed Azrael
 12092 | D:12     | Reached skill level 10 in Armour
 12341 | D:12     | Reached XP level 13. HP: 96/96 MP: 17/19
 12354 | D:12     | Killed Azrael
 12355 | D:12     | Reached skill level 11 in Armour
 12653 | D:11     | Reached skill level 12 in Armour
 12892 | D:12     | Noticed Snorg
 12922 | D:12     | Killed Snorg
 12945 | D:12     | Found a staircase to the Orcish Mines.
 13221 | D:13     | Reached skill level 13 in Armour
 13475 | D:13     | Reached skill level 14 in Armour
 13823 | D:13     | Reached ****** piety under Makhleb
 14168 | D:14     | Reached skill level 15 in Armour
 14384 | D:14     | Found a gate to the Vaults.
 14446 | D:14     | Reached skill level 16 in Armour
 14462 | D:14     | Reached XP level 14. HP: 17/104 MP: 3/21
 14703 | D:14     | Reached XP level 15. HP: 110/110 MP: 19/22
 14759 | D:14     | Reached skill level 17 in Armour
 15370 | D:15     | Entered Level 15 of the Dungeon
 15565 | D:15     | Reached skill level 18 in Armour
 15687 | D:15     | Noticed Jorgrun
 15711 | D:15     | Killed Jorgrun
 15884 | D:15     | Found a staircase to the Depths.
 16273 | D:15     | Reached skill level 5 in Evocations
 16514 | Orc:1    | Entered Level 1 of the Orcish Mines
 16514 | Orc:1    | Found Uxoamunu's Magic Scroll Shoppe.
 16538 | Orc:1    | Bought a scroll of teleportation for 33 gold pieces
 16538 | Orc:1    | Bought a scroll of teleportation for 33 gold pieces
 16538 | Orc:1    | Bought a scroll of identify for 22 gold pieces
 16538 | Orc:1    | Bought a scroll of teleportation for 33 gold pieces
 16538 | Orc:1    | Bought a scroll of identify for 22 gold pieces
 16538 | Orc:1    | Bought a scroll of teleportation for 33 gold pieces
 16538 | Orc:1    | Bought a scroll of poison for 44 gold pieces
 16538 | Orc:1    | Bought a scroll of fog for 44 gold pieces
 16966 | Orc:1    | You fall into a shaft and drop 1 floor!
 16966 | Orc:2    | Entered Level 2 of the Orcish Mines
 17026 | Orc:2    | Noticed Saint Roka
 17032 | Orc:2    | HP: 5/109 [orc warrior/arrow (6)]
 17033 | Orc:2    | HP: 1/109 [orc high priest/divine providence (8)]
 17033 | Orc:2    | Killed from afar by Saint Roka

Illustrated notes

Levels and vault maps discovered:
D:1:      nzn_arrival_crosshair, layout_loops_corners, serial_shops, shop
D:2:      minmay_skewed_foursquare, layout_rooms, serial_shops, shop,
          serial_forest, infiniplex_forest_end_1,
          infiniplex_forest_clump_curved, infiniplex_forest_clump_double,
          infiniplex_forest_clump_C, infiniplex_forest_corner_1,
          infiniplex_forest_clump_diagonal, infiniplex_forest_clump_tiny
D:3:      minmay_diamond_boxcup, layout_loops_ring,
          shapermc_ecumenical_altar_pompeii, uniq_terence, uniq_robin
D:4:      layout_basic, dreamdust_gnoll_farm
D:5:      nicolae_cairo_tiling_large_dashed, layout_rooms, abandoned_shop,
          uniq_blork_the_orc
D:6:      layout_cave_pools, nicolae_take_the_stairs,
          nicolae_shop_distant_corner_stores
D:7:      layout_loops_cross, gammafunk_ghost_necromancy
D:8:      layout_loops_ring, erik_lair_island, chequers_arboretum,
          lightli_minifort, uniq_pikel, uniq_joseph, uniq_jeremiah
D:9:      layout_basic, chequers_temple_overflow_minitemple, lemuel_doored_altar
D:10:     layout_basic, enter_bailey_4, uniq_lodul
D:11:     bobbens_index_wilting_gardens, layout_grid_maze
D:12:     layout_rooms, david_orc_4, lightli_wizard_tower, uniq_urug,
          uniq_azrael, uniq_snorg
D:13:     layout_loops_ring
D:14:     layout_irregular_city, hangedman_vaults_entry_quadrant_bands
D:15:     grunt_enter_depths_giant_problem, layout_gridville,
          serial_park_tiny_2, uniq_jorgrun
Temple:   bh_familiar_temple
Orc:1:    layout_caves, serial_shops, shop, shop, shop,
          nicolae_shop_overgrown_old_shop, nicolae_shop_window_shopping
Orc:2:    grunt_orc_cross, layout_caves, basic_altar

Skill      XL: |  1  2  3  4  5  6  7  8  9 10 11 12 13 14 15 |
---------------+----------------------------------------------+-----
Fighting       | 4 |  4.0
Shields        | 4 5 |  5.0
Dodging        | 2 3 5 6 7 |  7.6
Polearms       | 4 7 11 | 11.8
Evocations     | 3 6 |  6.4
Invocations    | 7 10 | 10.8
Throwing       | 5 6 |  6.0
Axes           | 12 14 | 14.3
Armour         | 10 16 18 | 18.0

Action                     |  1- 3 |  4- 6 |  7- 9 | 10-12 | 13-15 || total
---------------------------+-------+-------+-------+-------+-------++-------
  Melee: War axe           |    97 |       |       |   109 |    71 ||   277
         Headbutt          |    12 |     8 |    33 |   198 |   208 ||   459
         Spear             |    10 |   127 |   315 |   895 |   834 ||  2181
  Throw: Dart              |       |       |       |       |     8 ||     8
  Evoke: Wand              |       |       |     5 |     2 |     4 ||    11
    Use: Scroll            |     5 |     2 |     4 |    16 |    11 ||    38
         Potion            |       |       |     1 |     1 |     5 ||     7
   Stab: Distracted        |       |     1 |       |       |       ||     1
         Invisible         |       |       |       |       |     3 ||     3
 Armour: Scale mail        |    20 |       |       |       |       ||    20
         Chain mail        |    49 |    42 |       |       |       ||    91
         Plate armour      |       |    18 |    92 |   514 |   606 ||  1230
  Dodge: Dodged            |    40 |    26 |    40 |   207 |   222 ||   535
  Block: Buckler           |    27 |    29 |    46 |   191 |   235 ||   528
